 Dungeon Crawl Stone Soup version 0.28.0-53-g5a82cb258f (webtiles) character file.

Game seed: 5505327491871993611

7307 quokkamancerX the Fighter (level 10, -2/89 HPs)
             Began as a Demonspawn Berserker on May 29, 2022.
             Was a High Priest of Trog.
             Killed by divine providence
             ... invoked by a meliai
              (12 damage)
             ... on level 9 of the Dungeon.
             The game lasted 00:28:31 (10245 turns).

quokkamancerX the Fighter (Demonspawn Berserker)   Turns: 10245, Time: 00:28:31

Health: -2/89      AC: 16    Str: 22    XL:     10   Next: 90%
Magic:  10/10      EV:  6    Int:  9    God:    Trog [*****.]
Gold:   257        SH:  3    Dex: 12    Spells: 9/9 levels left

rFire   . . .      SeeInvis .   c - +1 scimitar
rCold   . . .      Faith    .   v - +0 buckler
rNeg    . . .      Spirit   .   E - +0 plate armour
rPois   .          Reflect  .   n - +0 helmet
rElec   .          Harm     .   (no cloak)
rCorr   .          Rampage  .   l - +0 pair of gloves
Will    .....                   o - +0 pair of boots
Stlth   ..........              (no amulet)
HPRegen 0.24/turn               (no ring)
MPRegen 0.12/turn               (no ring)

@: no status effects
A: yellow scales 1, demonic guardian 1, spiny 2, weakness stinger 1
a: Renounce Religion, Berserk, Trog's Hand, Brothers in Arms


You were on level 9 of the Dungeon.
You worshipped Trog.
Trog was extremely pleased with you.
You visited 1 branch of the dungeon, and saw 9 of its levels.

You collected 383 gold pieces.
You spent 126 gold pieces at shops.

Inventory:

Hand Weapons
 c - a +1 scimitar (weapon)
Missiles
 a - 5 javelins
 x - 3 poisoned darts (quivered)
 D - 2 throwing nets
Armour
 l - a +0 pair of gloves (worn)
 n - a +0 helmet (worn)
 o - a +0 pair of boots (worn)
 v - a +0 buckler (worn)
 E - a +0 plate armour (worn)
Wands
 b - a wand of flame (27)
Scrolls
 d - 8 scrolls of teleportation
 g - 2 scrolls of fog
 j - a scroll of blinking {unknown}
 m - a scroll of acquirement {unknown}
 q - a scroll of summoning {unknown}
 r - a scroll of noise {unknown}
 w - a scroll of enchant weapon
 y - a scroll of holy word
Potions
 e - a potion of ambrosia {unknown}
 h - 2 potions of flight
 k - 6 potions of curing
 p - 3 potions of mutation
 s - a potion of resistance {unknown}
 t - 2 potions of attraction
 u - 2 potions of heal wounds
 z - a potion of brilliance {unknown}
 A - a potion of haste {unknown}
 B - 2 potions of lignification
 C - a potion of magic {unknown}


   Skills:
 - Level 12.0 Fighting
 - Level 2.8(7.6) Short Blades
 + Level 11.2(11.3) Long Blades
 - Level 1.7 Armour
 - Level 1.7 Dodging


You had 9 spell levels left.
You didn't know any spells.
Your spell library was empty.

Dungeon Overview and Level Annotations

Branches:
Dungeon (9/15)             Temple (0/1) D:7
   Lair: D:8-11         Orc: D:9-12

Altars:
Cheibriados
Fedhas
Gozag
Nemelex Xobeh
Ru

Shops:
D:4 *   D:6 !

Annotations:
D:8 2 transporters, Zeld's ghost, novice DrTm


Innate Abilities, Weirdness & Mutations

You are partially covered in yellow scales. (AC +2)
A weak demonic guardian rushes to your aid.
You are mostly covered in sharp spines.
You have a small tail.


Message History

The meliai barely misses you.
You hit the meliai.
The meliai is severely wounded.
You feel sick.
The meliai hits you with a +0 broad axe!
A demonic guardian appears!
The meliai stings you but does no damage.
The meliai hits you but does no damage.
The meliai stings you but does no damage.
You miss the meliai.
Your tail-slap misses the meliai.
The meliai is severely wounded.
You feel sick.
The meliai hits you with a +0 broad axe.
You block the meliai's attack.
The meliai calls down the wrath of its god upon you.
Something smites you!
You feel sick.
The meliai mumbles some strange prayers to its god against you.
Something smites you!
* * * LOW HITPOINT WARNING * * *
The yak barely misses your ufetubus.
The meliai hits your ufetubus with a +0 war axe!
Your ufetubus dies!
Your ufetubus disappears in a puff of smoke!
The meliai hits you but does no damage. The meliai stings you.
* * * LOW HITPOINT WARNING * * *
You are lethally poisoned!
The meliai poisons you!
You feel better.
The meliai mumbles some strange prayers to its god against you.
Something smites you!
* * * LOW HITPOINT WARNING * * *
A yak comes into view.
The meliai completely misses you. The meliai barely misses you.
The meliai hits you but does no damage.
The meliai stings you but does no damage.
The yak bellows!
The meliai invokes the aid of its god against you.
Something smites you!
You die...

#..........###....≈≈
#...........Y..≈≈S≈≈
#..........Y####≈≈≈≈
.............# ≈ #
###.........# .#
#......Y)...# ..
#.....#yyY..# ..
#.....#.....# ..
#.....##@...# >>
#...........# $.
#.....#.....#
#.....#†#####
#.....#.# #.....#.#
##### #######.#
#.... ###.#####
#.### #.......# #.#


You could see 4 yaks and 2 meliai.

Vanquished Creatures
  Pikel (D:7)
  Joseph (D:7)
  A meliai (D:9)
  Grinder (D:4)
  Prince Ribbit (D:7)
  9 yaks
  3 vampire mosquitoes (D:8)
  Menkaure (D:7)
  2 water moccasins
  2 orc warriors
  2 sky beasts
  A hornet zombie (D:8)
  2 ice beasts
  A necrophage (D:6)
  An ogre (D:6)
  A phantom (D:6)
  3 centaurs
  2 bullfrogs (D:7)
  A scorpion (D:3)
  A wyvern zombie (D:9)
  A gnoll sergeant (D:8)
  A water moccasin zombie (D:7)
  A water moccasin skeleton (D:5)
  18 killer bees
  8 wights
  A jelly (D:5)
  A centaur zombie (D:8)
  7 hounds
  A bullfrog zombie (D:5)
  3 bullfrog skeletons
  3 centaur skeletons
  5 orc priests
  2 iguanas
  10 orc wizards
  Terence (D:2)
  A killer bee zombie (D:8)
  2 hound skeletons (D:4)
  A howler monkey zombie (D:7)
  7 gnolls
  9 adders
  3 ufetubi
  2 worms
  An adder skeleton (D:4)
  2 dart slugs
  24 orcs
  4 endoplasms
  4 giant cockroaches
  7 hobgoblins
  8 jackals
  6 kobolds
  2 quokkas (D:1)
  4 ball pythons
  3 bats
  5 frilled lizards
  12 goblins
  3 rats
210 creatures vanquished.

Vanquished Creatures (collateral kills)
  A killer bee (D:7)
  An orc (D:3)
  A rat (D:3)
3 creatures vanquished.

Vanquished Creatures (others)
  3 plants (D:3)
3 creatures vanquished.

Grand Total: 216 creatures vanquished

Notes
Turn   | Place    | Note
-------+----------+-------------------------------------------
     0 | D:1      | quokkamancerX the Demonspawn Berserker began the quest for
                  | the Orb.
     0 | D:1      | Reached XP level 1. HP: 18/18 MP: 1/1
   410 | D:1      | Gained mutation: You are partially covered in sharp spines.
                  | [demonic ancestry]
   410 | D:1      | Reached XP level 2. HP: 24/24 MP: 2/2
  1021 | D:2      | Reached skill level 4 in Fighting
  1048 | D:2      | Noticed Terence
  1061 | D:2      | Killed Terence
  1062 | D:2      | Gained mutation: You are partially covered in yellow
                  | scales. (AC +2) [demonic ancestry]
  1062 | D:2      | Reached XP level 3. HP: 31/31 MP: 3/3
  1306 | D:2      | Reached ** piety under Trog
  1330 | D:2      | Gained mutation: A weak demonic guardian rushes to your
                  | aid. [demonic ancestry]
  1330 | D:2      | Reached XP level 4. HP: 34/38 MP: 4/4
  1538 | D:2      | Reached skill level 5 in Fighting
  2121 | D:3      | Reached XP level 5. HP: 37/46 MP: 5/5
  2170 | D:3      | Reached skill level 6 in Fighting
  2774 | D:3      | Found a blossoming altar of Fedhas.
  2820 | D:3      | Found a faded altar of an unknown god.
  3210 | D:4      | Found Ydeamuex's General Store.
  3225 | D:3      | Reached skill level 7 in Fighting
  3225 | D:3      | Reached XP level 6. HP: 50/55 MP: 6/6
  3403 | D:4      | Found a sparkling altar of Nemelex Xobeh.
  3403 | D:4      | Found an opulent altar of Gozag.
  3577 | D:4      | Reached *** piety under Trog
  3675 | D:4      | Reached skill level 8 in Fighting
  3698 | D:4      | Noticed Grinder
  3721 | D:4      | Reached XP level 7. HP: 59/62 MP: 7/7
  3730 | D:4      | Killed Grinder
  3827 | D:4      | Reached skill level 9 in Fighting
  4004 | D:5      | Entered Level 5 of the Dungeon
  4424 | D:5      | Found a sacrificial altar of Ru.
  4430 | D:5      | Gained mutation: You have a small tail. [demonic ancestry]
  4430 | D:5      | Reached XP level 8. HP: 69/72 MP: 8/8
  4677 | D:5      | Reached skill level 10 in Fighting
  4930 | D:6      | Reached skill level 1 in Long Blades
  5431 | D:6      | Reached **** piety under Trog
  5546 | D:6      | Found Boudgh's Distillery.
  5560 | D:6      | Bought a potion of degeneration for 14 gold pieces
  5563 | D:6      | Bought a potion of curing for 42 gold pieces
  5563 | D:6      | Bought a potion of heal wounds for 70 gold pieces
  5974 | D:6      | Reached skill level 11 in Fighting
  6316 | D:6      | Found a snail-covered altar of Cheibriados.
  6713 | D:7      | Gained mutation: You are mostly covered in sharp spines.
                  | [demonic ancestry]
  6713 | D:7      | Reached XP level 9. HP: 75/81 MP: 9/9
  6721 | D:7      | Noticed Joseph
  6731 | D:7      | Killed Joseph
  6732 | D:7      | Reached skill level 5 in Long Blades
  6790 | D:7      | Noticed Pikel
  6808 | D:7      | Killed Pikel
  6941 | D:7      | Reached skill level 12 in Fighting
  7070 | D:7      | Found a staircase to the Ecumenical Temple.
  7338 | D:7      | Noticed Menkaure
  7350 | D:7      | Killed Menkaure
  7685 | D:7      | Noticed Prince Ribbit
  7703 | D:7      | Killed Prince Ribbit
  8050 | D:8      | Reached XP level 10. HP: 82/89 MP: 10/10
  8484 | D:8      | Found a transporter.
  8488 | D:8      | Found a transporter.
  8489 | D:8      | Noticed a two-headed ogre
  8493 | D:8      | Noticed Zeld's ghost (novice DrTm)
  9493 | D:9      | Reached ***** piety under Trog
  9739 | D:9      | Reached skill level 10 in Long Blades
 10245 | D:9      | Killed from afar by a meliai

Illustrated notes

Levels and vault maps discovered:
D:1:      wander_arrival_lonely_grave, layout_loops_ring
D:2:      layout_loops_cross, grunt_ministairs_10, solitary_fountain,
          uniq_terence
D:3:      layout_loops_ring, lemuel_coloured_pillars_altar,
          dilly_ecumenical_altar_fadedgnrine
D:4:      layout_rooms, grunt_temple_overflow_opulence, serial_shops,
          shop_statue, st_stairs_13, kennysheep_generic_room_10, uniq_grinder
D:5:      layout_basic, lemuel_round_altar
D:6:      layout_loops_corners, nicolae_overflow_hidden_temple, serial_shops,
          shop
D:7:      layout_basic, minmay_temple_entry_glassed_door, uniq_prince_ribbit1,
          uniq_menkaure, uniq_pikel, uniq_joseph
D:8:      layout_loops_cross, gammafunk_ghost_smash
D:9:      layout_basic, lair_entry_dummy, gammafunk_ghost_wrathful_warriors,
          grunt_ministairs_9, uniq_grum

Skill      XL: |  1  2  3  4  5  6  7  8  9 10 |
---------------+-------------------------------+-----
Fighting       | 4 5 7 8 9 11 12 | 12.0
Long Blades    | 4 7 11 | 11.2
Short Blades   | |  2.8
Armour         | |  1.7
Dodging        | |  1.7

Action                   |  1- 3 |  4- 6 |  7- 9 | 10-12 || total
-------------------------+-------+-------+-------+-------++-------
Melee: Short sword       |    74 |   166 |   115 |       ||   355
       Punch             |       |     1 |     1 |       ||     2
       Falchion          |       |       |   118 |    54 ||   172
       Rapier            |       |       |    15 |       ||    15
       Tailslap          |       |       |    24 |    30 ||    54
       Scimitar          |       |       |       |    96 ||    96
Throw: Dart              |       |       |     2 |     1 ||     3
       Javelin           |       |       |       |     3 ||     3
Invok: Berserk           |     2 |       |     5 |     2 ||     9
       Trog's Hand       |       |     1 |       |       ||     1
  Use: Scroll            |       |     1 |     6 |     3 ||    10
       Potion            |       |       |       |     1 ||     1
Armor: Chain mail        |    24 |   136 |   147 |    37 ||   344
       Plate armour      |       |       |       |    69 ||    69
Dodge: Dodged            |    28 |    88 |    80 |    72 ||   268
Block: Buckler           |       |       |    21 |    20 ||    41
